 Dungeon Crawl Stone Soup version 0.28-a0-616-gdeb3d7f7b4 (webtiles) character file.

Game seed: 2766626341026071970

309666 Ijustatesigmund the Warrior (level 21, 0/142 HPs)
             Began as a Gargoyle Fighter on Oct 1, 2021.
             Was the Champion of Okawaru.
             Killed by divine providence
             ... invoked by a living spell
             ... summoned by a walking divine tome
              (12 damage)
             ... on level 3 of the Depths on Oct 6, 2021.
             The game lasted 02:09:19 (38894 turns).

Ijustatesigmund the Warrior (Gargoyle Fighter)     Turns: 38894, Time: 02:09:19

Health: 0/142      AC: 57    Str: 27    XL:     21   Next: 24%
Magic:  32/33      EV: 15    Int:  7    God:    Okawaru [******]
Gold:   3222       SH: 31    Dex: 18    Spells: 25/30 levels left

rFire   + . .      SeeInvis +   P - +2 eveningstar (holy)
rCold   + . .      Faith    .   Z - +10 tower shield of Ignorance {rN+ Int-4}
rNeg    + + .      Spirit   .   X - +1 gold dragon scales
rPois   ∞          Reflect  .   h - +2 helmet {SInv}
rElec   +          Harm     .   B - +2 cloak
rCorr   .          Rampage  .   e - +2 pair of gloves
Will    +++..      Clarity  +   k - +2 pair of boots of Terror {Will++}
Stlth   ..........              F - amulet of regeneration
HPRegen 1.33/turn               x - +4 ring of evasion
MPRegen 0.23/turn               i - ring "Futextom" {Str+6 Dex+4 Stlth-}

@: heroic, flying
A: sickness immunity, AC +16, big wings, negative energy resistance 1,
electricity resistance, torment resistance 1, petrification resistance,
iridescent scales 2, see invisible, clarity, dopey 1, subdued magic 1,
MP-powered wands
}: 2/15 runes: decaying, gossamer
a: Renounce Religion, Heroism, Finesse, Duel


You were on level 3 of the Depths.
You worshipped Okawaru.
Okawaru was exalted by your worship.
You visited 8 branches of the dungeon, and saw 37 of its levels.
You also visited: Gauntlet and Ice Cave.

You collected 5576 gold pieces.
You spent 2354 gold pieces at shops.

Inventory:

Hand Weapons
 a - a +5 morningstar of flaming
 P - a +2 eveningstar of holy wrath (weapon)
Missiles
 T - a throwing net (quivered)
Armour
 e - a +2 pair of gloves (worn)
 h - a +2 helmet of see invisible (worn)
 k - the +2 pair of boots of Terror (worn) {Will++}
   (Okawaru gifted it to you on level 1 of the Orcish Mines)

   Will:      It greatly increases your willpower.
 B - a +2 cloak (worn)
 V - the +4 skin of Zhor {*Englaciate rC+++ SInv}
   (Okawaru gifted it to you on level 4 of the Lair of Beasts)

   It radiates cold, occasionally slowing all nearby creatures who are not
   resistant to cold.
   rC:        It renders you almost immune to cold.
   SInv:      It lets you see invisible.
 X - +1 gold dragon scales (worn)
 Z - the +10 tower shield of Ignorance (worn) {rN+ Int-4}
   (You found it on level 2 of the Orcish Mines)

   Int:       It affects your intelligence (-4).
   rN:        It protects you from negative energy.
Jewellery
 b - a +4 ring of slaying
 d - the ring of Qofigh {rElec rN+ MP+9}
   (You found it on level 3 of the Depths)

   [ring of positive energy]

   rElec:     It insulates you from electricity.
   rN:        It protects you from negative energy.
   MP:        It affects your magic capacity (+9).
 i - the ring "Futextom" (right hand) {Str+6 Dex+4 Stlth-}
   (You found it in a Gauntlet)

   [ring of strength]

   Str:       It affects your strength (+6).
   Dex:       It affects your dexterity (+4).
   Stlth:     It makes you less stealthy.
 w - the ring "Fuekoett" {Ice rN+ MP+9}
   (You found it in a Gauntlet)

   [ring of ice]

   It enhances your ice magic.
   rF:        It makes you vulnerable to fire.
   rC:        It protects you from cold.
   rN:        It protects you from negative energy.
   MP:        It affects your magic capacity (+9).
 x - a +4 ring of evasion (left hand)
 F - an amulet of regeneration (around neck)
 H - a ring of protection from cold
 I - a ring of protection from cold
 N - the ring "Wibeinoywk" {rF- rN++ Will+ MP+9}
   (You bought it in a shop on level 13 of the Dungeon)

   [ring of magical power]

   rF:        It makes you vulnerable to fire.
   rN:        It greatly protects you from negative energy.
   MP:        It affects your magic capacity (+9).
   Will:      It increases your willpower.
 R - an amulet of reflection
Wands
 g - a wand of acid (12)
 l - a wand of mindburst (7)
 m - a wand of iceblast (47)
 t - a wand of paralysis (13)
 A - a wand of digging (1)
 C - a wand of polymorph (44)
 L - a wand of flame (88)
Scrolls
 j - 3 scrolls of holy word
 o - 11 scrolls of teleportation
 u - 3 scrolls of immolation
 y - 6 scrolls of fog
 J - 9 scrolls of identify
 K - 3 scrolls of magic mapping
 M - 4 scrolls of blinking
 S - 2 scrolls of fear
 U - a scroll of brand weapon
 Y - 2 scrolls of silence
Potions
 c - 4 potions of ambrosia
 f - 7 potions of brilliance
 n - 13 potions of curing
 p - a potion of mutation
 q - 3 potions of cancellation
 r - 7 potions of magic
 s - 5 potions of lignification
 v - 2 potions of attraction
 z - 2 potions of berserk rage
 D - 5 potions of might
 E - 10 potions of haste
 G - 8 potions of heal wounds
 Q - 2 potions of invisibility
 W - 2 potions of resistance
Miscellaneous
 O - a condenser vane


   Skills:
 - Level 18.3(23.3) Fighting
 + Level 15.7(20.7) Maces & Flails
 * Level 11.7(16.7) Armour
 - Level 7.3(12.3) Dodging
 - Level 9.2(14.2) Stealth
 - Level 13.1(18.1) Shields
 - Level 5.0 Spellcasting
 - Level 10.3 Translocations
 - Level 5.0 Transmutations
 + Level 16.7 Invocations
 - Level 9.0 Evocations


You had 25 spell levels left.
You knew the following spells:

 Your Spells              Type           Power      Damage    Failure   Level
a - Wereblood             Tmut           6%         N/A       91%         2
b - Blink                 Tloc           N/A        N/A       22%         2
c - Apportation           Tloc           24%        N/A       16%         1

Your spell library contained the following spells:

 Spells                   Type           Power      Damage    Failure   Level
 Beastly Appendage        Tmut           12%        N/A       80%         1
 Manifold Assault         Tloc           12%        N/A       99%         5
 Sandblast                Erth           2%         2d4       100%        1
 Corpse Rot               Necr/Air       N/A        N/A       100%        2
 Ensorcelled Hibernation  Hex/Ice        2%         N/A       100%        2
 Poisonous Vapours        Pois/Air       2%         N/A       100%        2
 Static Discharge         Conj/Air       1%         N/A       100%        2
 Dazzling Flash           Conj/Hex       2%         N/A       100%        3
 Frozen Ramparts          Ice            2%         1d2       100%        3
 Ignite Poison            Fire/Tmut/Pois 3%         N/A       100%        3
 Inner Flame              Hex/Fire       1%         N/A       100%        3
 Mephitic Cloud           Conj/Pois/Air  1%         N/A       100%        3
 Ozocubu's Armour         Ice            1%         N/A       100%        3
 Spider Form              Tmut/Pois      2%         N/A       100%        3
 Cause Fear               Hex            0%         N/A       100%        4
 Dispel Undead            Necr           1%         3d6       100%        4
 Ice Form                 Ice/Tmut       4%         N/A       100%        4
 Iskenderun's Mystic Bla  Conj/Tloc      6%         2d4       100%        4
 Leda's Liquefaction      Hex/Erth       0%         N/A       100%        4
 Sticky Flame             Conj/Fire      1%         2d3       100%        4
 Borgnjor's Vile Clutch   Necr/Erth      0%         N/A       100%        5
 Freezing Cloud           Conj/Ice/Air   0%         6-21      100%        5
 Lightning Bolt           Conj/Air       0%         1d11      100%        5
 Conjure Ball Lightning   Conj/Air       0%         3x3d6     100%        6
 Starburst                Conj/Fire      0%         6d3       100%        6
 Ozocubu's Refrigeration  Ice            0%         4d5       100%        7
 Storm Form               Tmut/Air       2%         N/A       100%        7
 Discord                  Hex            0%         N/A       100%        8
 Disjunction              Tloc           6%         N/A       100%        8
 Lehudib's Crystal Spear  Conj/Erth      0%         10d2      100%        8
 Maxwell's Capacitive Co  Air            0%         ∞         100%        8
 Animate Skeleton         Necr           Unusable   N/A       N/A         1
 Summon Small Mammal      Summ           Unusable   N/A       N/A         1
 Animate Dead             Necr           Unusable   N/A       N/A         4
 Summon Ice Beast         Ice/Summ       Unusable   N/A       N/A         4
 Death Channel            Necr           Unusable   N/A       N/A         6
 Statue Form              Tmut/Erth      Unusable   N/A       N/A         6

Dungeon Overview and Level Annotations

Branches:
Dungeon (15/15)            Temple (1/1) D:4            Lair (6/6) D:10
  Swamp (4/4) Lair:3       Spider (4/4) Lair:4        Slime (0/5) Lair:6
    Orc (2/2) D:12            Elf (0/3) Orc:2        Vaults (1/5) D:13
 Depths (4/4) D:15          IceCv (visited)         Gauntlet (visited)
    Zot: Depths:4

Altars:
Ashenzari
Cheibriados
Dithmenos
Elyvilon
Fedhas
Gozag
Hepliaklqana
Kikubaaqudgha
Makhleb
Nemelex Xobeh
Okawaru
Qazlal
Ru
Sif Muna
Trog
Uskayaw
Vehumet
Wu Jian
Xom
Yredelemnul
Zin
The Shining One
Beogh
Jiyva
Lugonu

Shops:
D:6 **   D:7 *   D:9 *   D:12 (?   D:13 =   Orc:2 [*=*[   Depths:3 [(

Portals:
Hell: Depths:1
Abyss: Lair:6 Depths:3
Pandemonium: Depths:1
Ziggurat: Depths:1

Annotations:
Orc:2 1 runed translucent door
Depths:3 1 transporter


Innate Abilities, Weirdness & Mutations

You are immune to sickness and miasma.
Your stone body is resilient. (AC +16)
You are immune to poison.
Your large and strong wings let you fly.
You resist negative energy. (rN+)
You are resistant to electric shocks. (rElec)
You are resistant to unholy torment.
You are immune to petrification.
You are mostly covered in iridescent scales. (AC +4)
You have supernaturally acute eyesight. (SInv)
You possess an exceptional clarity of mind.
You are dopey. (Int -2)
Your spells are a little easier to cast, but a little less powerful.
You expend magic power (3 MP) to strengthen your wands.


Message History

You block the lich's attack.
Your shield prevents you from hitting the lich.
The lich is moderately damaged.
The lich closely misses you.
You beat the lich like a drum!!!
The lich convulses!!!
You destroy the lich!
Okawaru accepts your kill. You block the hell knight's attack.
You puncture the hell knight!
The hell knight is moderately wounded.
You block the hell knight's attack.
You completely miss the hell knight.
The hell knight is moderately wounded.
The walking divine tome closely misses you.
The hell knight gestures wildly while chanting.
The hell knight seems to speed up.
You sock the hell knight!
The hell knight is heavily wounded.
You block the hell knight's attack.
The walking divine tome erupts in a flurry of living spells!
You closely miss the hell knight.
The hell knight is heavily wounded.
The hell knight hits you with a +1 glaive of flaming!!
The hell knight burns you.
You block the walking divine tome's attack.
You hit the hell knight but do no damage.
The hell knight is heavily wounded.
The hell knight hits you with a +1 glaive of flaming!
* * * LOW HITPOINT WARNING * * *
The hell knight burns you.
* * * LOW HITPOINT WARNING * * *
The living spell casts itself at you. Something smites you!
* * * LOW HITPOINT WARNING * * *
The living spell casts itself at you. Something smites you!
* * * LOW HITPOINT WARNING * * *
The living spell casts itself at you. Something smites you!
You die...

###[....^.....#.......#
###....#..#............)
##.....#.......#......#..
###.........#............#.
#...............#..........
##.≈≈≈...................... ##
###..≈≈≈.#.......#+#'#........
.###....≈≈.........##...##.......
.(##.......#...#@###.....###'#...
...#.....#....##;p.#.....#..(##).
##'#..........+....##.∩?##..>.'..
#.....#.......#...*###∩###(...##'
+.)..#......#+###!|#######<.###..
#..........## ####≈≈≈#######..
...........+ ####≈^≈######)..
...........# #≈≈≈≈∩≈≈≈≈≈##=..
.#.........# #≈∩......∩≈#####


You could see a walking divine tome, a hell knight (fast) and a living smiting
commandment (summoned).

Vanquished Creatures
  A golden dragon (Depths:3)
  Nikola (Depths:1)
  The ghost of Odwax the Hoplite, an adept MiFi of Okawaru (Swamp:1)
  A tentacled monstrosity (Depths:3)
  A lich (Depths:3)
  An Ice Fiend (IceCv)
  A quicksilver dragon (Depths:3)
  A sphinx (Depths:3)
  Gastronok (Arena)
  A thorn hunter (Swamp:4)
  2 storm dragons (Depths:3)
  Donald (Swamp:4)
  Roxanne (Spider:4)
  2 fire giants
  A tengu reaver (Depths:3)
  The ghost of Esiutuon the Sorcerer, an adept DECj of Vehumet (Swamp:1)
  Kirke (Lair:4)
  An iron dragon (Depths:3)
  6 frost giants
  An orc warlord (Orc:1)
  4 vault wardens
  6 ghost moths
  4 ironbound preservers
  8 emperor scorpions
  5 ghouls
  10 stone giants
  2 entropy weavers
  A vampire knight (Depths:3)
  A very ugly thing (Depths:3)
  3 bunyips
  A minotaur (Gauntlet)
  Snorg (Orc:1)
  5 eleionomae
  2 spark wasps
  4 fire dragons
  7 ettins
  Josephine (Swamp:1)
  A hell beast (Depths:1)
  2 ironbound thunderhulks (Vaults:1)
  3 yaktaur captains (Vaults:1)
  2 shambling mangroves
  6 vault guards
  5 great orbs of eyes
  4 boulder beetles
  23 hydras
  A rakshasa (Depths:3)
  An ice dragon (Depths:3)
  An ogre mage (D:15)
  2 catoblepae (Lair:6)
  4 centaur warriors
  2 spriggan air magi (Depths:3)
  3 ironbound frosthearts (Vaults:1)
  11 two-headed ogres
  2 ghost crabs
  Erica (Lair:1)
  4 deep troll shamans
  3 alligators (Swamp:4)
  5 deep troll earth magi
  3 spriggan berserkers
  7 hell hogs (Depths:1)
  A vampire mage (Depths:3)
  Urug (Lair:5)
  A sun demon (Depths:1)
  A soul eater (Depths:1)
  3 orc high priests (Orc:2)
  Sonja (Lair:4)
  Nergalle (D:12)
  4 hell knights (Depths:1)
  2 shock serpents (shapeshifter)
  3 thrashing horrors (Lair:6)
  3 iron trolls (Depths:1)
  2 goliath frogs
  A shadow wraith (D:13)
  8 spriggan druids
  A large abomination (Lair:6)
  11 swamp dragons
  2 glowing orange brains
  4 ironbound convokers (Vaults:1)
  19 deep trolls
  An obsidian statue (IceCv)
  4 orange crystal statues (Orc:2)
  A necromancer (Depths:3)
  12 orb spiders
  5 bog bodies
  A wizard (Vaults:1)
  2 deep elf pyromancers
  5 orc knights
  4 orc sorcerers (Orc:2)
  2 mana vipers (shapeshifter)
  22 ugly things
  An oklob plant (D:10)
  19 wolf spiders
  4 will-o-the-wisps
  A moth of wrath (shapeshifter) (Depths:3)
  3 manticores
  A moth of wrath (Spider:3)
  Maurice (D:11)
  5 cyclopes
  2 vault sentinels (Vaults:1)
  4 smoke demons
  5 black mambas
  A torpor snail (Lair:5)
  2 guardian serpents (Depths:3)
  12 cane toads
  2 gargoyles (D:10)
  4 kobold demonologists
  A minotaur zombie (Gauntlet)
  An unseen horror (D:11)
  7 komodo dragons
  An unseen horror (shapeshifter) (Depths:1)
  3 freezing wraiths (IceCv)
  2 yaktaurs (Vaults:1)
  5 rime drakes
  An anaconda simulacrum (IceCv)
  9 demonic crawlers
  An efreet (D:14)
  2 tengu conjurers (Depths:3)
  6 ice devils (IceCv)
  2 ancient zymes (Lair:6)
  9 entropy weaver simulacra
  21 jumping spiders
  3 meliai (D:14)
  6 trolls
  A wolf spider simulacrum (Gauntlet)
  A bloated husk (Swamp:3)
  18 hornets
  3 polar bears
  21 slime creatures
  5 tyrant leeches
  23 blink frogs
  27 tarantellas
  13 flying skulls (Gauntlet)
  4 dire elephant simulacra
  A shadow (D:11)
  Sigmund (D:6)
  82 redbacks
  A ynoxinul (Lair:6)
  5 wraiths
  15 spriggans
  4 water elementals (Depths:1)
  6 spriggan simulacra
  65 yaks
  6 wyverns
  A fire elemental (Depths:1)
  6 humans (Lair:4)
  6 basilisks
  2 steam dragons (D:8)
  8 minotaur simulacra
  A chaos spawn (Lair:6)
  14 vampire mosquitoes
  A redback simulacrum (Gauntlet)
  A warg (Orc:2)
  2 harpy simulacra (IceCv)
  A swamp worm (shapeshifter) (Depths:2)
  A hydra simulacrum (Gauntlet)
  12 water moccasins
  9 swamp worms
  2 floating eyes (Depths:3)
  An acid dragon (D:13)
  A sky beast (D:8)
  21 orc warriors
  An ettin simulacrum (IceCv)
  2 black bears (Lair:4)
  2 alligator simulacra (IceCv)
  3 ice beasts (D:8)
  8 swamp drakes (Swamp:4)
  6 wolves
  3 boggarts (Vaults:1)
  4 centaurs
  8 ogres
  Blork the orc (D:5)
  5 kobold brigands
  9 bullfrogs
  A gnoll sergeant (D:12)
  A water moccasin zombie (D:6)
  A wyvern zombie (D:9)
  10 deep troll simulacra
  7 small abominations (Lair:6)
  A lindwurm simulacrum (IceCv)
  5 wights (D:8)
  3 electric eels
  A vampire bat (Lair:3)
  7 howler monkeys
  A jelly (D:8)
  A bullfrog zombie (D:6)
  3 centaur zombies
  Crazy Yiuf (D:2)
  2 centaur skeletons
  10 orc priests
  2 hounds (D:6)
  2 bullfrog skeletons
  An iguana (D:6)
  Ijyb (D:4)
  20 orc wizards
  A killer bee zombie (D:7)
  A howler monkey zombie (D:7)
  3 gnolls (D:12)
  9 adders
  A howler monkey skeleton (D:4)
  4 shadow imps
  A white imp (D:8)
  An ufetubus (D:5)
  5 dart slugs
  52 orcs
  17 bats
  9 endoplasms
  6 giant cockroaches
  9 hobgoblins
  8 jackals
  4 quokkas
  7 ball pythons
  6 frilled lizards
  8 goblins
  16 kobolds
  9 rats
1165 creatures vanquished.

Vanquished Creatures (others)
  A fire giant (Depths:3)
  A spriggan berserker (Depths:1)
  A spriggan druid (Swamp:4)
  A bloated husk (Swamp:2)
  An orc priest (Orc:2)
  2 orcs (Orc:2)
  25 foxfires
  20 fungi
  25 plants
  26 withered plants (Gauntlet)
103 creatures vanquished.

Grand Total: 1268 creatures vanquished

Notes
Turn   | Place    | Note
-------+----------+-------------------------------------------
     0 | D:1      | Ijustatesigmund the Gargoyle Fighter began the quest for
                  | the Orb.
     0 | D:1      | Reached XP level 1. HP: 14/14 MP: 1/1
   320 | D:1      | Reached XP level 2. HP: 9/19 MP: 2/2
   735 | D:1      | Found a faded altar of an unknown god.
   816 | D:1      | Reached XP level 3. HP: 8/24 MP: 3/3
  1602 | D:2      | Reached skill level 4 in Fighting
  1602 | D:2      | Reached XP level 4. HP: 28/29 MP: 4/4
  1688 | D:2      | Found a runed translucent door.
  1689 | D:2      | Noticed Crazy Yiuf
  2617 | D:3      | Reached XP level 5. HP: 30/34 MP: 5/5
  3373 | D:3      | Gained mutation: Potions are less effective at restoring
                  | your health. [potion of mutation]
  3373 | D:3      | Gained mutation: You are partially covered in iridescent
                  | scales. (AC +2) [potion of mutation]
  3373 | D:3      | Gained mutation: You have supernaturally acute eyesight.
                  | (SInv) [potion of mutation]
  3377 | D:3      | Reached XP level 6. HP: 14/40 MP: 6/6
  3377 | D:3      | Lost mutation: You are partially covered in iridescent
                  | scales. (AC +2) [potion of mutation]
  3377 | D:3      | Lost mutation: Potions are less effective at restoring your
                  | health. [potion of mutation]
  3377 | D:3      | Gained mutation: You have hidden genetic potential. [potion
                  | of mutation]
  3377 | D:3      | Gained mutation: You are covered in fur. (AC +1) [potion of
                  | mutation]
  3377 | D:3      | Gained mutation: Your spells are a little easier to cast,
                  | but a little less powerful. [potion of mutation]
  3377 | D:3      | Gained mutation: You expend magic power (3 MP) to
                  | strengthen your wands. [potion of mutation]
  3724 | D:4      | Reached skill level 5 in Fighting
  4083 | D:4      | Noticed Ijyb
  4104 | D:4      | Killed Ijyb
  4215 | D:4      | Found a staircase to the Ecumenical Temple.
  4225 | Temple   | Entered the Ecumenical Temple
  4409 | Temple   | Became a worshipper of Warmaster Okawaru
  4568 | D:4      | Found a large runed translucent door.
  4572 | D:4      | Found a large runed translucent door.
  4648 | D:4      | Found a glowing silver altar of Zin.
  4762 | D:4      | Found a glowing golden altar of the Shining One.
  4765 | D:4      | Found a shimmering altar of Xom.
  4787 | D:5      | Entered Level 5 of the Dungeon
  4839 | D:5      | Noticed Blork the orc
  4853 | D:5      | Killed Blork the orc
  4854 | D:5      | Reached skill level 5 in Maces & Flails
  4854 | D:5      | Reached skill level 1 in Evocations
  4999 | D:5      | Identified a scroll of acquirement
  4999 | D:5      | Acquired 1198 gold pieces
  5224 | D:5      | Reached skill level 1 in Invocations
  5224 | D:5      | Reached XP level 7. HP: 44/44 MP: 0/7
  5232 | D:5      | Gained mutation: Your large and strong wings let you fly.
                  | [hidden potential]
  5494 | D:5      | Found a radiant altar of Vehumet.
  5770 | D:5      | Reached * piety under Okawaru
  6177 | D:2      | Killed Crazy Yiuf
  6442 | D:6      | Reached XP level 8. HP: 51/51 MP: 9/9
  6570 | D:6      | Gained mutation: Your mind is acute. (Int +2) [hidden
                  | potential]
  6570 | D:6      | Lost mutation: You have hidden genetic potential. [hidden
                  | potential expressed]
  6605 | D:6      | Reached skill level 6 in Fighting
  6878 | D:6      | Found Ibuotz's Mayhem Merchandise.
  6891 | D:6      | Noticed a yak
  6891 | D:6      | Noticed a yak
  6891 | D:6      | Noticed a yak
  6891 | D:6      | Noticed a yak
  6891 | D:6      | Noticed a yak
  6897 | D:6      | Killed a yak
  7191 | D:6      | Found Hofrot's General Store.
  7199 | D:6      | Bought a scroll of teleportation for 39 gold pieces
  7199 | D:6      | Bought a scroll of immolation for 45 gold pieces
  7199 | D:6      | Bought a scroll of fog for 26 gold pieces
  7207 | D:6      | Killed a yak
  7207 | D:6      | Reached ** piety under Okawaru
  7208 | D:6      | Killed a yak
  7214 | D:6      | Killed a yak
  7215 | D:6      | Killed a yak
  7216 | D:6      | Reached skill level 5 in Shields
  7216 | D:6      | Reached XP level 9. HP: 56/56 MP: 0/12
  7567 | D:6      | Noticed Sigmund
  7571 | D:6      | Killed Sigmund
  7571 | D:6      | Reached *** piety under Okawaru
  7572 | D:6      | Reached skill level 7 in Fighting
  7888 | D:7      | Found a sacrificial altar of Ru.
  8085 | D:7      | Noticed a cyclops
  8090 | D:7      | Found Vawu's CLEARANCE SALE!.
  8091 | D:7      | Killed a cyclops
  8092 | D:7      | Reached skill level 5 in Invocations
  8197 | D:7      | Bought 3 potions of might for 84 gold pieces
  8197 | D:7      | Bought a scroll of teleportation for 21 gold pieces
  8197 | D:7      | Bought a scroll of identify for 14 gold pieces
  8197 | D:7      | Bought an amulet of regeneration for 210 gold pieces
  8226 | D:7      | Found a stormy altar of Qazlal.
  8226 | D:7      | Found a hazy altar of Hepliaklqana.
  8230 | D:7      | Found a snail-covered altar of Cheibriados.
  8487 | D:8      | Reached **** piety under Okawaru
  8499 | D:8      | Reached skill level 8 in Fighting
  8666 | D:8      | Found an opulent altar of Gozag.
  8727 | D:8      | Reached XP level 10. HP: 50/64 MP: 14/14
  9054 | D:8      | Found a runed translucent door.
  9200 | D:8      | Noticed a two-headed ogre
  9208 | D:8      | Killed a two-headed ogre
  9208 | D:8      | Received a gift from Okawaru
  9210 | D:8      | Noticed a manticore
  9310 | D:8      | Killed a manticore
  9311 | D:8      | Reached skill level 9 in Fighting
  9397 | D:8      | Reached ***** piety under Okawaru
  9464 | D:8      | Found a runed translucent door.
  9714 | D:9      | Noticed Gastronok
  9726 | Arena    | Entered the Arena
  9732 | Arena    | Killed Gastronok
  9733 | Arena    | Reached XP level 11. HP: 44/72 MP: 4/17
  9924 | D:9      | Found Ypehaasyen's Assorted Antiques.
  9931 | D:9      | Bought a scroll of identify for 58 gold pieces
  9931 | D:9      | Bought a scroll of identify for 58 gold pieces
 10296 | D:9      | Found a sparkling altar of Nemelex Xobeh.
 10316 | D:9      | Upgraded the game from 0.28-a0-565-g7719699fd9 to
                  | 0.28-a0-592-g6fc52098c6
 10338 | D:10     | Entered Level 10 of the Dungeon
 10345 | D:10     | Noticed a two-headed ogre
 10349 | D:10     | Killed a two-headed ogre
 10349 | D:10     | Identified the +1 ring mail of the Nightingale {rF+ rC+}
                  | (Okawaru gifted it to you on level 10 of the Dungeon)
 10349 | D:10     | Received a gift from Okawaru
 10350 | D:10     | Reached skill level 5 in Armour
 10387 | D:10     | Noticed a soul eater
 10400 | D:10     | Reached skill level 10 in Fighting
 10400 | D:10     | Reached skill level 1 in Dodging
 10606 | D:10     | Found a staircase to the Lair.
 10688 | D:10     | Noticed an oklob plant
 10701 | D:10     | Killed an oklob plant
 10967 | D:10     | Noticed a two-headed ogre
 11357 | D:11     | Noticed a two-headed ogre
 11366 | D:11     | Killed a two-headed ogre
 11433 | D:11     | Noticed a boulder beetle
 11450 | D:11     | Killed a boulder beetle
 11451 | D:11     | Reached skill level 10 in Maces & Flails
 11451 | D:11     | Reached XP level 12. HP: 79/79 MP: 16/19
 11489 | D:11     | Received a gift from Okawaru
 11589 | D:11     | Found a gate leading to a gauntlet.
 11594 | Gauntlet | Entered a Gauntlet
 11594 | Gauntlet | Found a transporter.
 11604 | Gauntlet | Found a transporter.
 11609 | Gauntlet | Noticed a green death
 11620 | Gauntlet | Found a transporter.
 11624 | Gauntlet | Found a transporter.
 11634 | Gauntlet | Noticed a hell hog
 11637 | Gauntlet | Found a transporter.
 11658 | Gauntlet | Found a transporter.
 11700 | Gauntlet | Found a transporter.
 11719 | Gauntlet | Found a transporter.
 11723 | Gauntlet | Found a transporter.
 11733 | Gauntlet | Found a transporter.
 11757 | Gauntlet | Found a transporter.
 11757 | Gauntlet | Found a transporter.
 11843 | Gauntlet | Received a gift from Okawaru
 11868 | Gauntlet | Reached skill level 11 in Fighting
 11894 | Gauntlet | Identified the ring "Futextom" {Str+6 Dex+4 Stlth-}
 11938 | Gauntlet | Identified the ring "Fuekoett" {Ice rN+ MP+9}
 11967 | Gauntlet | Noticed a minotaur
 11980 | Gauntlet | Killed a minotaur
 12013 | Gauntlet | Reached skill level 10 in Invocations
 12082 | D:11     | Noticed Maurice
 12091 | D:11     | Killed Maurice
 12173 | D:11     | Reached ****** piety under Okawaru
 12233 | D:11     | Noticed a two-headed ogre
 12241 | D:11     | Killed a two-headed ogre
 12668 | D:12     | Noticed a two-headed ogre
 12669 | D:12     | Found Dotecaji's Magic Scroll Shop.
 12682 | D:12     | Found Ilyrphar's Antique Weapon Boutique.
 12728 | D:12     | Noticed a soul eater
 12733 | D:12     | Noticed a soul eater
 12746 | D:12     | Noticed a sun demon
 12770 | D:12     | Identified the +2 leather armour "Oplic" {Drain Will+++
                  | Int-3 Dex+10}
 12793 | D:12     | Reached skill level 5 in Evocations
 12807 | D:12     | Found a staircase to the Orcish Mines.
 12807 | D:12     | Noticed Nergalle
 12824 | D:12     | Killed Nergalle
 12824 | D:12     | Identified the +1 robe of Vuahirphi {Fly Int+2} (Okawaru
                  | gifted it to you on level 12 of the Dungeon)
 12824 | D:12     | Received a gift from Okawaru
 12850 | D:12     | Reached XP level 13. HP: 54/84 MP: 1/20
 13090 | D:12     | Found a stormy altar of Qazlal.
 13278 | D:12     | Bought 3 scrolls of teleportation for 144 gold pieces
 13278 | D:12     | Bought a scroll of identify for 32 gold pieces
 13278 | D:12     | Bought a scroll of magic mapping for 56 gold pieces
 13278 | D:12     | Bought a scroll of identify for 32 gold pieces
 13705 | D:13     | Found Hiuggann's Jewellery Shop.
 13708 | D:13     | Bought the ring "Wibeinoywk" {rF- rN++ Will+ MP+9} for 505
                  | gold pieces
 13928 | D:13     | Found a gate to the Vaults.
 15201 | Lair:1   | Entered Level 1 of the Lair of Beasts
 15422 | Lair:1   | Received a gift from Okawaru
 15560 | Lair:1   | Reached skill level 12 in Fighting
 15805 | Lair:1   | Learned a level 2 spell: Wereblood
 15896 | Lair:1   | Noticed Erica
 15905 | Lair:1   | Killed Erica
 16236 | Lair:2   | Reached skill level 1 in Transmutations
 16670 | Lair:1   | Mutation became permanent: Your large and strong wings let
                  | you fly. [Gargoyle growth]
 16670 | Lair:1   | Gained mutation: Your large and strong wings let you fly.
                  | [Gargoyle growth]
 16670 | Lair:1   | Reached XP level 14. HP: 85/92 MP: 22/22
 17520 | Lair:3   | Found a staircase to the Swamp.
 18472 | Lair:4   | Found an ancient bone altar of Kikubaaqudgha.
 18740 | Lair:4   | Noticed Kirke
 18756 | Lair:4   | Killed Kirke
 18760 | Lair:4   | Noticed Sonja
 18772 | Lair:4   | Killed Sonja
 19087 | Lair:4   | Found a hole to the Spider Nest.
 19092 | Lair:4   | Received a gift from Okawaru
 19092 | Lair:4   | Found the +4 skin of Zhor {*Englaciate rC+++ SInv}
 19291 | Lair:5   | Noticed Urug
 19301 | Lair:5   | Killed Urug
 19757 | Lair:5   | Reached skill level 13 in Fighting
 20089 | Lair:6   | Entered Level 6 of the Lair of Beasts
 20350 | Lair:6   | Reached skill level 5 in Dodging
 20453 | Lair:6   | Reached XP level 15. HP: 92/99 MP: 24/24
 21062 | Lair:6   | Reached skill level 5 in Transmutations
 21074 | Lair:6   | Found a corrupted altar of Lugonu.
 21074 | Lair:6   | Found a one-way gate to the infinite horrors of the Abyss.
 21189 | Lair:6   | Found a viscous altar of Jiyva.
 21190 | Lair:6   | Found a staircase to the Slime Pits.
 21664 | Orc:1    | Entered Level 1 of the Orcish Mines
 21841 | Orc:2    | Entered Level 2 of the Orcish Mines
 21859 | Orc:1    | Identified the +2 pair of boots of Terror {Will++} (Okawaru
                  | gifted it to you on level 1 of the Orcish Mines)
 21859 | Orc:1    | Received a gift from Okawaru
 21960 | Orc:1    | Noticed Snorg
 21984 | Orc:1    | Killed Snorg
 21985 | Orc:1    | Reached skill level 1 in Stealth
 22175 | Orc:2    | Noticed an orc warlord
 22207 | Orc:1    | Killed an orc warlord
 22360 | Orc:2    | Found Zidog's Armour Emporium.
 22607 | Orc:2    | Upgraded the game from 0.28-a0-592-g6fc52098c6 to
                  | 0.28-a0-604-g249bb1af34
 22784 | Orc:2    | Found a runed translucent door.
 22803 | Orc:2    | Found the +10 tower shield of Ignorance {rN+ Int-4}
 22808 | Orc:2    | Found a runed translucent door.
 22858 | Orc:2    | Noticed an orc warlord
 22868 | Orc:2    | Noticed an orc warlord
 23335 | Orc:2    | Reached skill level 14 in Fighting
 23514 | Orc:2    | Found a staircase to the Elven Halls.
 23564 | Orc:2    | Gained mutation: Armour fits poorly on your strangely
                  | shaped body. [a neqoxec]
 23728 | Orc:2    | Reached skill level 1 in Spellcasting
 24098 | Orc:2    | Found Baesenn's Armour Boutique.
 24098 | Orc:2    | Found Xygaceos's Assorted Antiques.
 24116 | Orc:2    | Found Junus's General Store.
 24116 | Orc:2    | Found Jereagit's Jewellery Shoppe.
 24127 | Orc:2    | Bought a potion of heal wounds for 140 gold pieces
 24127 | Orc:2    | Bought a potion of heal wounds for 140 gold pieces
 24127 | Orc:2    | Bought a metallic pink potion for 25 gold pieces
 24135 | Orc:2    | Lost mutation: You expend magic power (3 MP) to strengthen
                  | your wands. [potion of mutation]
 24135 | Orc:2    | Lost mutation: Armour fits poorly on your strangely shaped
                  | body. [potion of mutation]
 24135 | Orc:2    | Lost mutation: Your mind is acute. (Int +2) [potion of
                  | mutation]
 24135 | Orc:2    | Gained mutation: You are partially covered in iridescent
                  | scales. (AC +2) [potion of mutation]
 24135 | Orc:2    | Gained mutation: You are dopey. (Int -2) [potion of
                  | mutation]
 24135 | Orc:2    | Gained mutation: You expend magic power (3 MP) to
                  | strengthen your wands. [potion of mutation]
 24136 | Orc:2    | Lost mutation: You are covered in fur. (AC +1) [potion of
                  | mutation]
 24136 | Orc:2    | Gained mutation: You possess an exceptional clarity of
                  | mind. [potion of mutation]
 24136 | Orc:2    | Gained mutation: You are mostly covered in iridescent
                  | scales. (AC +4) [potion of mutation]
 24328 | Swamp:1  | Entered Level 1 of the Swamp
 24712 | Swamp:1  | Noticed Josephine
 24724 | Swamp:1  | Killed Josephine
 24799 | Swamp:1  | Found a large runed translucent door.
 24799 | Swamp:1  | Found a large runed translucent door.
 24800 | Swamp:1  | Noticed a vault warden
 24800 | Swamp:1  | Noticed Esiutuon's ghost (adept DECj)
 24801 | Swamp:1  | Noticed Odwax's ghost (adept MiFi)
 24822 | Swamp:1  | Killed a vault warden
 24823 | Swamp:1  | Reached XP level 16. HP: 101/106 MP: 26/26
 24944 | Swamp:1  | Killed Odwax's ghost
 24944 | Swamp:1  | Received a gift from Okawaru
 24957 | Swamp:1  | Killed Esiutuon's ghost
 24965 | Swamp:1  | Reached skill level 5 in Spellcasting
 25405 | Swamp:2  | Reached skill level 10 in Shields
 25609 | Swamp:2  | Received a gift from Okawaru
 26440 | Swamp:4  | Entered Level 4 of the Swamp
 26457 | Swamp:4  | Received a gift from Okawaru
 26463 | Swamp:4  | Noticed a thorn hunter
 26483 | Swamp:4  | Killed a thorn hunter
 26841 | Swamp:4  | Learned a level 2 spell: Blink
 26887 | Swamp:3  | Reached skill level 1 in Translocations
 27098 | Swamp:4  | Noticed Donald
 27118 | Swamp:4  | Killed Donald
 27119 | Swamp:4  | Reached XP level 17. HP: 112/112 MP: 27/27
 27187 | Swamp:4  | Reached skill level 5 in Translocations
 27214 | Swamp:4  | Got a decaying rune of Zot
 27296 | Swamp:4  | Received a gift from Okawaru
 27757 | Vaults:1 | Entered Level 1 of the Vaults
 27960 | Vaults:1 | HP: 1/112 [ironbound frostheart/creeping frost (16)]
 28010 | Vaults:1 | Acquired a +2 eveningstar of holy wrath
 28136 | Vaults:1 | Identified the +2 crystal plate armour "Mifun" {+Blink +Inv
                  | Will++ Slay-6} (Okawaru gifted it to you on level 1 of the
                  | Vaults)
 28136 | Vaults:1 | Received a gift from Okawaru
 28361 | Vaults:1 | Upgraded the game from 0.28-a0-604-g249bb1af34 to
                  | 0.28-a0-616-gdeb3d7f7b4
 29250 | Vaults:1 | Reached skill level 10 in Translocations
 29560 | Spider:1 | Entered Level 1 of the Spider Nest
 29671 | Spider:1 | Reached skill level 15 in Fighting
 29699 | Spider:1 | Learned a level 1 spell: Apportation
 30779 | Spider:2 | Received a gift from Okawaru
 30973 | Spider:2 | Reached XP level 18. HP: 92/119 MP: 29/29
 31696 | Spider:3 | Reached skill level 15 in Invocations
 31910 | Spider:3 | Found a frozen archway.
 31917 | IceCv    | Entered an ice cave
 32480 | IceCv    | Noticed an Ice Fiend
 32502 | IceCv    | Received a gift from Okawaru
 32775 | IceCv    | Killed an Ice Fiend
 32842 | IceCv    | Identified the +4 morningstar of the Dungeon {flame, Contam
                  | +Blink rC+}
 32845 | IceCv    | Identified the +0 pair of boots of Qottease {Stlth+}
 33231 | Spider:4 | Entered Level 4 of the Spider Nest
 33987 | Spider:4 | Reached skill level 16 in Fighting
 34063 | Spider:4 | Got a gossamer rune of Zot
 34300 | Spider:4 | Identified Roxanne's Handbook of Clay
 34300 | Spider:4 | Noticed Roxanne
 34335 | Spider:4 | Killed Roxanne
 34522 | Spider:4 | Reached skill level 5 in Stealth
 34529 | Spider:4 | Reached XP level 19. HP: 117/126 MP: 30/30
 34538 | Spider:4 | Reached skill level 17 in Fighting
 34538 | Spider:4 | Reached XP level 20. HP: 134/134 MP: 31/31
 34995 | D:15     | Entered Level 15 of the Dungeon
 35028 | D:15     | Received a gift from Okawaru
 35229 | D:15     | Found a staircase to the Depths.
 35997 | Depths:1 | Entered Level 1 of the Depths
 36061 | Depths:1 | Found a one-way gate leading to the halls of Pandemonium.
 36080 | Depths:1 | Found a gateway to Hell.
 36168 | Depths:1 | Found a gateway to a ziggurat.
 36348 | Depths:1 | Reached skill level 18 in Fighting
 36349 | Depths:1 | Received a gift from Okawaru
 36815 | Depths:1 | Noticed Nikola
 36843 | Depths:1 | Killed Nikola
 36912 | Depths:1 | Found the +8 Wrath of Trog {antimagic, *Rage Rampage}
 37097 | Depths:1 | Found an ancient bone altar of Kikubaaqudgha.
 37424 | Depths:2 | Reached skill level 15 in Maces & Flails
 37663 | Depths:2 | You are sucked into a shaft and drop 2 floors!
 37663 | Depths:4 | Entered Level 4 of the Depths
 37766 | Depths:3 | Noticed a golden dragon
 37776 | Depths:3 | Killed a golden dragon
 37995 | Depths:3 | Reached skill level 10 in Armour
 38073 | Depths:3 | Received a gift from Okawaru
 38243 | Depths:3 | Identified the +9 spear of Midnight {vorpal, rF++ Will+
                  | rCorr Int-4}
 38295 | Depths:3 | Paralysed by a floating eye for 3 turns
 38310 | Depths:3 | Reached XP level 21. HP: 142/142 MP: 33/33
 38408 | Depths:3 | Found the +8 storm bow {elec, penet}
 38468 | Depths:3 | Found Ivaschym's Armour Shoppe.
 38632 | Depths:3 | Identified the ring "Taseicelaga" {+Blink rElec Str-5 Dex-3
                  | SInv}
 38721 | Depths:3 | Found a transporter.
 38744 | Depths:3 | Found Sanor's Antique Weapon Boutique.
 38754 | Depths:3 | Bought a glowing demon whip for 522 gold pieces
 38754 | Depths:3 | Bought a glowing morningstar for 203 gold pieces
 38809 | Depths:3 | Found a transporter.
 38816 | Depths:3 | Identified the +5 hunting sling "Giliusch" {flame, rF++
                  | rC++ Dex+2} (Okawaru gifted it to you on level 3 of the
                  | Depths)
 38816 | Depths:3 | Received a gift from Okawaru
 38834 | Depths:3 | Identified the ring of Qofigh {rElec rN+ MP+9}
 38894 | Depths:3 | Killed from afar by a living spell

Illustrated notes

Levels and vault maps discovered:
D:1:      saegor_arrival_simple_e, layout_rooms, ebering_ecumenical_altar_rust
D:2:      layout_loops_cross, kennysheep_generic_room_14,
          uniq_crazy_yiuf_cottage
D:3:      layout_rooms
D:4:      layout_cave_pools, jmf_multi_god_temple2, kennysheep_little_box,
          temple_pool_b, uniq_ijyb
D:5:      corexii_shack_village, layout_basic, mainiacjoe_overflow_alcove_2,
          chequers_mini_garden, uniq_blork_the_orc
D:6:      layout_gridville, serial_shops, shop, minmay_shop_mayhem,
          chequers_arboretum, uniq_sigmund
D:7:      layout_rooms, nicolae_ru_path_of_blood, minitemple,
          nicolae_shop_clearance
D:8:      cheibrodos_histonic, layout_cave_pods,
          nicolae_gozag_cash_rules_everything_around_me, hex_medium,
          grunt_decor_clamped
D:9:      layout_roguey, nemelex_altar_shiori, serial_shops,
          nicolae_shop_overgrown_old_shop, uniq_gastronok
D:10:     layout_loops_ring, dpeg_oklobed_lair
D:11:     layout_roguey, gauntlet_entry_generic, uniq_maurice
D:12:     layout_roguey, david_orc_2, serial_shops, nicolae_inconvenience_store,
          nicolae_shop_stone, grunt_qazlal_clouds, uniq_nergalle
D:13:     layout_roguey, david_vaults_4, serial_shops, nicolae_shop_trees
D:14:     layout_basic, serial_glass, glass_columns_b, glass_columns_a
D:15:     gammafunk_enter_depths_forms, layout_irregular_city,
          serial_bayou_pond_e, minmay_door_square
Temple:   minmay_temple_bridge_abc
Lair:1:   layout_cave_pods, lemuel_fruit_fields, grunt_megastairs_1, uniq_erica
Lair:2:   layout_long_grid, grunt_megastairs_3
Lair:3:   layout_cave_pods, skrybe_swamp_entry_bodies, roderic_batcave
Lair:4:   layout_loops_ring, spider_nest_entry_funnel_web, basic_altar,
          gammafunk_lair_bear_cave, lemuel_fruit_tree, uniq_sonja, uniq_kirke
Lair:5:   layout_roguey, grunt_megastairs_5, uniq_urug
Lair:6:   hellmonk_lair_end_abyssal_woods, layout_hall_layers, slime_altar_1
Swamp:1:  layout_basic_swamp, advil_vaults_ghost_guards,
          nicolae_swamp_tree_isthmus, swamp_pool1, uniq_josephine
Swamp:2:  layout_basic_swamp, evilmike_swamp_ruin_house_4
Swamp:3:  layout_basic_swamp, evilmike_swamp_ruin_house_5
Swamp:4:  swamp_alternative, layout_basic_swamp, swamp_pool1, uniq_donald
Spider:1: layout_spider_delve, nicolae_spider_webs_and_nodes,
          nicolae_spider_twisty_arc_passages
Spider:2: layout_spider_delve, nicolae_spider_claw_tunnel
Spider:3: layout_spider_delve, portal_ice_cave_entry_ice_simulacra
Spider:4: grunt_spider_rune_circles, uniq_roxanne
Orc:1:    layout_caves, basic_altar, uniq_snorg
Orc:2:    grunt_orc_tribal_feast, layout_caves, serial_shops,
          nicolae_shop_window_shopping, nicolae_orc_rockfall,
          chequers_guarded_unrand_ignorance
Vaults:1: nicolae_vaults_border_crossing, v_alt_pattern_1,
          nicolae_vaults_alarming, ontoclasm_vaults_shuriken, v_misc_11,
          nicolae_vaults_sealed_display, vaults_dpeg_spiral,
          hangedman_vaults_stretched_pinwheel, vaults_room_corners,
          nicolae_vaults_diagonal_hallway_7, layout_vaults_chaotic_city
Depths:1: layout_gridlike, enter_ziggurat_a, hellmouth_3, pan_entry,
          lemuel_tele_altar, minmay_guarded_unrand_wrath_of_trog,
          infiniplex_staircase_pool_lava, serial_bayou_shore_a, uniq_nikola
Depths:2: minmay_connected_boxes_in_corner, layout_cave_pools,
          grunt_pan_entry_spiral, minmay_crystal_room, hell_entry, serial_shops,
          nicolae_shop_crystal
Depths:3: hangedman_spin_cycle, hell_entry, abyss_entry
Depths:4: grunt_zot_entry_funnels, layout_small_grid, grunt_metal_band,
          chequers_serial_rivers_large_b, grunt_pan_entry_sceptre,
          minmay_shop_grove

Skill      XL: |  1  2  3  4  5  6  7  8  9 10 11 12 13 14 15 16 17 18 19 20 21 |
---------------+----------------------------------------------------------------+-----
Maces & Flails | 3 4 5 6 7 9 10 11 12 13 14 15 | 15.7
Fighting       | 4 5 6 8 9 10 11 12 13 14 15 16 17 18 | 18.3
Armour         | 4 6 7 8 9 10 11 | 11.7
Evocations     | 1 2 3 4 6 9 |  9.0
Invocations    | 1 2 4 6 8 9 10 11 12 13 14 15 16 | 16.7
Shields        | 5 6 8 9 11 12 13 | 13.1
Dodging        | 3 4 5 6 7 |  7.3
Transmutations | 1 4 5 |  5.0
Stealth        | 2 5 9 |  9.2
Spellcasting   | 4 5 |  5.0
Translocations | 4 10 | 10.3

Action                   |  1- 3 |  4- 6 |  7- 9 | 10-12 | 13-15 | 16-18 | 19-21 || total
-------------------------+-------+-------+-------+-------+-------+-------+-------++-------
Melee: Flail             |   118 |   326 |   146 |       |       |       |       ||   590
       Whip              |       |       |    79 |   248 |       |       |       ||   327
       Morningstar       |       |       |       |   423 |  1507 |  1870 |   829 ||  4629
       Eveningstar       |       |       |       |       |       |       |     9 ||     9
 Cast: Wereblood         |       |       |       |       |     5 |     1 |       ||     6
       Blink             |       |       |       |       |       |     2 |       ||     2
Invok: Heroism           |       |       |     2 |    12 |     7 |    11 |     4 ||    36
       Duel              |       |       |       |     1 |       |       |       ||     1
       Finesse           |       |       |       |     1 |     1 |     3 |       ||     5
Evoke: Wand              |       |     4 |    15 |    34 |    31 |    23 |    18 ||   125
       Condenser vane    |       |       |       |       |     1 |     4 |     1 ||     6
  Use: Scroll            |     2 |     8 |     4 |    10 |    13 |    12 |     3 ||    52
       Potion            |     2 |     3 |     1 |     4 |     4 |     6 |     3 ||    23
 Stab: Paralysed         |       |       |       |    47 |    11 |       |     3 ||    61
       Distracted        |       |       |       |     2 |       |     2 |     2 ||     6
       Invisible         |       |       |       |    11 |       |       |       ||    11
       Confused          |       |       |       |       |       |     2 |       ||     2
       Sleeping          |       |       |       |       |       |       |     1 ||     1
Armor: Scale mail        |   100 |   145 |       |       |       |       |       ||   245
       Chain mail        |       |   103 |   123 |    70 |       |       |       ||   296
       Ring mail         |       |       |       |   179 |   246 |       |       ||   425
       Animal skin       |       |       |       |       |   336 |  1105 |   178 ||  1619
       Gold dragon scale |       |       |       |       |       |       |   230 ||   230
Dodge: Dodged            |    86 |   145 |   122 |   427 |  1024 |  1121 |   291 ||  3216
Block: Buckler           |    23 |    85 |    52 |   162 |   408 |       |       ||   730
       Tower shield      |       |       |       |       |   248 |  3213 |  1175 ||  4636

Table legend: (Time is in decaauts)
 A = Elapsed time spent in this place.
 B = Non-inter-level travel time spent in this place.
 C = Inter-level travel time spent in this place.
 D = Time resting spent in this place.
 E = Time spent auto-exploring this place.
 F = Levels seen in this place.
 G = Mean time per level.
                   A        B        C        D        E       F      G
               +--------+--------+--------+--------+--------+-----+--------+
         Total |  38852 |  36597 |   2255 |   5600 |  21306 |  40 |  971.3 |
       Dungeon |  15849 |  14825 |   1024 |   2421 |   9443 |  15 | 1056.6 |
        Temple |    204 |    184 |     20 |      0 |    167 |   1 |  204.0 |
          Lair |   6623 |   6086 |    537 |    353 |   4478 |   6 | 1103.8 |
         Swamp |   3369 |   3138 |    231 |    493 |   1363 |   4 |  842.2 |
   Spider Nest |   4353 |   4117 |    236 |    408 |   2430 |   4 | 1088.2 |
  Orcish Mines |   2505 |   2401 |    104 |    823 |    905 |   2 | 1252.5 |
        Vaults |   1663 |   1614 |     49 |    181 |    954 |   1 | 1663.0 |
        Depths |   2888 |   2837 |     51 |    538 |   1229 |   4 |  722.0 |
      Ice Cave |    962 |    962 |      0 |    323 |    337 |   1 |  962.0 |
      Gauntlet |    396 |    396 |      0 |     42 |      0 |   1 |  396.0 |
         Arena |     36 |     36 |      0 |     17 |      0 |   1 |   36.0 |
               +--------+--------+--------+--------+--------+-----+--------+

Top non-repeatable levels by time:
   Orc:2: 1949 daAuts
Vaults:1: 1663 daAuts
Depths:1: 1564 daAuts
     D:6: 1410 daAuts
     D:5: 1386 daAuts
  Lair:6: 1362 daAuts
  Lair:1: 1352 daAuts
     D:1: 1335 daAuts
     D:3: 1335 daAuts
Spider:4: 1260 daAuts
Spider:1: 1259 daAuts
     D:2: 1246 daAuts
     D:8: 1238 daAuts
Depths:3: 1207 daAuts
Spider:2: 1113 daAuts
